 Dungeon Crawl Stone Soup version 0.30-a0-1094-g860fb061e7 (webtiles) character file.

Game seed: 8955461167413491022

128 ryw the Cudgeller (level 4, -4/35 HPs)
             Began as a Mummy Fighter on Apr 17, 2023.
             Slain by an iguana (10 damage)
             ... on level 3 of the Dungeon.
             The game lasted 00:04:36 (2353 turns).

ryw the Cudgeller (Mummy Fighter)                   Turns: 2353, Time: 00:04:36

Health: -4/35      AC: 10    Str: 21    XL:     4   Next: 87%
Magic:  4/4        EV:  9    Int:  7    God:
Gold:   94         SH:  4    Dex: 11    Spells: 3/3 levels left

rFire   . . .      SeeInvis .    a - +1 flail (freeze)
rCold   . . .      Faith    +    c - +0 buckler
rNeg    + + +      Spirit   .    b - +0 scale mail
rPois   ∞          Reflect  .    g - +2 hat
rElec   .          Rampage  .    (no cloak)
rCorr   .                        (no gloves)
Will    .....                    l - +1 pair of boots "Qycil" {rPois rF+ rC- rN+++} Stlth
                                 (no amulet)
HPRegen 0.25/turn                (no ring)
MPRegen 0.09/turn                (no ring)

@: no status effects
A: cold resistance 1, negative energy resistance 3, torment resistance 2, heat
vulnerability 1, in touch with death 1, no potions, faith
a: no special abilities


You were on level 3 of the Dungeon.
You visited 1 branch of the dungeon, and saw 4 of its levels.

You collected 94 gold pieces.

Inventory:

Hand Weapons
 a - a +1 flail of freezing (weapon)
Armour
 b - a +0 scale mail (worn)
 c - a +0 buckler (worn)
 g - a +2 hat (worn)
 l - the +1 pair of boots "Qycil" (worn) {rPois rF+ rC- rN+++}
   (You found it on level 3 of the Dungeon)

   rF:        It protects you from fire.
   rC:        It makes you vulnerable to cold.
   rPois:     It protects you from poison.
   rN:        It renders you almost immune to negative energy.
Jewellery
 h - a ring of wizardry
 k - a ring of protection from fire
Wands
 j - a wand of charming (5)
Scrolls
 e - 2 scrolls of identify {unknown}
 i - a scroll of acquirement {unknown}


   Skills:
 - Level 3.0 Fighting
 + Level 4.2 Maces & Flails
 - Level 2.4 Armour
 - Level 2.4 Shields


You had 3 spell levels left.
You didn't know any spells.
Your spell library contained the following spells:

 Spells                   Type           Power      Damage    Failure   Level
 Tukima's Dance           Hex            0%         N/A       99%         3
 Passage of Golubria      Tloc           0%         N/A       100%        4
 Yara's Violent Unravell  Hex/Tmut       0%         3d3       100%        5


Dungeon Overview and Level Annotations

Branches:
Dungeon (4/15)
 Temple: D:4-7

Altars:

Annotations:
D:4 Edmund


Innate Abilities, Weirdness & Mutations

You are immune to poison.
Your flesh is cold resistant. (rC+)
You are immune to negative energy. (rN+++)
You are immune to unholy pain and torment.
You are vulnerable to heat. (rF-)
You are in touch with the powers of death.
You do not drink.
You have a special connection with the divine. (Faith)


Message History

The ball python grabs you. The ball python constricts you.
You escape the ball python's grasp.
The ball python barely misses you. The ball python grabs you.
The ball python constricts you.
The ball python's grasp on you weakens, but your attempt to escape fails.
You block the iguana's attack. You block the ball python's attack.
The ball python constricts you.
You escape the ball python's grasp.
The ball python attacks as you move away!
The ball python bites you but does no damage.
The ball python attacks as you move away!
The ball python bites you but does no damage.
You block the ball python's attack. The iguana attacks as you move away!
The iguana bites you!
You hit the iguana.
The iguana is moderately wounded.
The iguana bites you. The iguana barely misses you.
You hit the iguana but do no damage.
The iguana is moderately wounded.
The iguana bites you!
* * * LOW HITPOINT WARNING * * *
You barely miss the iguana.
The iguana is moderately wounded.
The iguana closely misses you.
You barely miss the iguana.
The iguana is moderately wounded.
The iguana bites you.
* * * LOW HITPOINT WARNING * * *
You barely miss the iguana.
The iguana is moderately wounded.
The iguana barely misses you.
You can't drink.
As you read the scroll labelled WYXIXK IFAALUD, it crumbles to dust.
It is a scroll of enchant weapon.
Your +0 flail glows red for a moment.
The iguana misses you.
As you read the scroll labelled FURUEL NECA, it crumbles to dust.
It is a scroll of brand weapon.
Your +1 flail is covered with a thin layer of ice!
a - a +1 flail of freezing (weapon)
The iguana bites you!
You die...

#.# #.# #.#####.#
############### ###.#.....#
......##......###......####
..............>##.#.#..#
......##.......##.#....#####
......##.......##..........#
!.######.....[.#######.###.#
..# #.....<...Sl@......# #.#
..# #.##.......######### #.#
### #.########.# #.#
###)#### #.# #.#
#......#####.###########.#
#......'...>.............#
#......#####.#############
#......# #.# #......# #.#


You could see an iguana and a ball python.

Vanquished Creatures
  An orc priest (D:3)
  3 adders
  A worm (D:2)
  2 dart slugs
  4 orcs (D:3)
  6 bats
  7 endoplasms
  2 giant cockroaches
  4 goblins
  2 hobgoblins
  4 jackals (D:1)
  7 kobolds
  3 quokkas
  3 ball pythons
  4 frilled lizards
  7 rats
60 creatures vanquished.

Notes
Turn   | Place    | Note
-------+----------+-------------------------------------------
     0 | D:1      | ryw the Mummy Fighter began the quest for the Orb.
     0 | D:1      | Reached XP level 1. HP: 18/18 MP: 1/1
    70 | D:1      | Reached skill level 2 in Maces & Flails
   133 | D:1      | Reached XP level 2. HP: 23/24 MP: 2/2
   638 | D:1      | Gained mutation: You are in touch with the powers of death.
                  | [Mummy growth]
   638 | D:1      | Reached XP level 3. HP: 29/29 MP: 3/3
   709 | D:1      | Reached skill level 3 in Maces & Flails
  1642 | D:3      | Found a faded altar of an unknown god.
  1651 | D:3      | Reached XP level 4. HP: 35/35 MP: 4/4
  1678 | D:3      | Reached skill level 4 in Maces & Flails
  1821 | D:3      | Identified the +1 pair of boots "Qycil" {rPois rF+ rC-
                  | rN+++}
  2262 | D:4      | Noticed Edmund
  2353 | D:3      | Slain by an iguana

Illustrated notes

Levels and vault maps discovered:
D:1:      nzn_arrival_settlement, layout_loops_ring, minmay_tree_intersection,
          kennysheep_boxes
D:2:      layout_basic
D:3:      layout_basic, chequers_ecumenical_altar_island
D:4:      layout_rooms, minmay_temple_entry_junction, uniq_edmund, uniq_grinder,
          uniq_pikel

Skill      XL: |  1  2  3  4 |
---------------+-------------+-----
Maces & Flails | 2 3 4 |  4.2
Fighting       | |  3.0
Armour         | |  2.4
Shields        | |  2.4

Action                     |  1- 3 |  4- 6 || total
---------------------------+-------+-------++-------
  Melee: Flail             |   125 |    65 ||   190
    Use: Scroll            |       |     2 ||     2
 Armour: Scale mail        |    72 |    22 ||    94
  Dodge: Dodged            |    52 |    29 ||    81
  Block: Buckler           |    25 |    13 ||    38

Table legend: (Time is in decaauts)
 A = Elapsed time spent in this place.
 B = Non-inter-level travel time spent in this place.
 C = Inter-level travel time spent in this place.
 D = Time resting spent in this place.
 E = Time spent auto-exploring this place.
 F = Levels seen in this place.
 G = Mean time per level.
                   A        B        C        D        E       F      G
               +--------+--------+--------+--------+--------+-----+--------+
         Total |   2437 |   2233 |    204 |    141 |   1599 |   4 |  609.2 |
       Dungeon |   2437 |   2233 |    204 |    141 |   1599 |   4 |  609.2 |
               +--------+--------+--------+--------+--------+-----+--------+

Top non-repeatable levels by time:
     D:1: 1046 daAuts
     D:3: 729 daAuts
     D:2: 656 daAuts
     D:4: 5 daAuts
